 Dungeon Crawl Stone Soup version 0.31-a0-246-g8cbcc1cb85 (webtiles) character file.

Game seed: 1938325094116862030

79 gruber the Changeling (level 4, -3/33 HPs)
             Began as a Merfolk Shapeshifter on July 12, 2023.
             Slain by an iguana (10 damage)
             ... on level 3 of the Dungeon.
             The game lasted 00:02:32 (1836 turns).

gruber the Changeling (Merfolk Shapeshifter)        Turns: 1836, Time: 00:02:32

Health: -3/33      AC:  2    Str: 17    XL:     4   Next: 38%
Magic:  4/4        EV: 12    Int:  7    God:
Gold:   91         SH:  0    Dex: 14    Spells: 3/3 levels left

rFire   . . .        l - +1 short sword (venom)
rCold   . . .        (no shield)
rNeg    . . .        a - +0 animal skin
rPois   +            (helmet currently unavailable)
rElec   .            (cloak currently unavailable)
rCorr   .            (gloves currently unavailable)
SInv    .            (boots currently unavailable)
Will    .....        (no amulet)
Stlth   +            f - ring of poison resistance
HPRegen 0.25/turn    (no ring)
MPRegen 0.09/turn

%: no passive effects
@: beast-form
A: beast (slay +3), (nimble swimmer 2), mertail
a: no special abilities


You were on level 3 of the Dungeon.
You were a hulking beast.
You visited 1 branch of the dungeon, and saw 3 of its levels.

You collected 91 gold pieces.

Inventory:

Hand Weapons
 k - a +3 short sword
 l - a +1 short sword of venom (weapon)
Armour
 a - a +0 animal skin (worn)
Jewellery
 f - a ring of poison resistance (left hand)
Talismans
 c - a beast talisman
Scrolls
 d - 3 scrolls of fear {unknown}
 e - a scroll of enchant armour {unknown}
 h - 2 scrolls of immolation {unknown}
 i - 2 scrolls of teleportation {unknown}
 j - a scroll of fog {unknown}
 m - a scroll of revelation {unknown}
Potions
 b - a potion of lignification
 g - a potion of heal wounds {unknown}
 n - 2 potions of ambrosia {unknown}


   Skills:
 - Level 2.1 Fighting
 - Level 2.6 Dodging
 - Level 4.2 Unarmed Combat
 * Level 4.8 Shapeshifting


You had 3 spell levels left.
You didn't know any spells.
Your spell library was empty.

Dungeon Overview and Level Annotations

Branches:
Dungeon (3/15)

Altars:


Innate Abilities, Weirdness & Mutations

You are a hulking beast.
Your limbs bulge with bestial killing power. (Slay +3)
((You are very nimble when in or above water. (Stealth+, EV+, Speed+++)))
Your lower body shifts to a powerful aquatic tail in water.


Message History

You kill the rat!
No target in view!
HP restored.
Found a scale mail.
m - a scroll labelled PIMEEDWE SECH
i - 2 scrolls labelled BERRONT JUGU (gained 1)
Found an escape hatch in the floor.
No target in view!
No target in view!
You now have 91 gold pieces (gained 10).
n - 2 lumpy emerald potions An iguana comes into view.
The iguana hisses angrily.
An iguana is nearby!
An iguana is nearby!
Okay, then.
You closely miss the iguana. The iguana bites you.
You barely miss the iguana. You punch the iguana!
The iguana is heavily wounded.
The iguana barely misses you.
You completely miss the iguana.
The iguana is heavily wounded.
The iguana bites you!
You closely miss the iguana.
The iguana is heavily wounded.
The iguana bites you!
* * * LOW HITPOINT WARNING * * *
You are too injured to fight recklessly!
You are too injured to fight recklessly!
What are your orders? t - Shout!
Orders for allies: a - Attack new target. r - Retreat! s - Stop attacking. g - Guard the area. f - Follow me.
Anything else - Cancel.
Okay, then.
You closely miss the iguana. You punch the iguana.
The iguana is almost dead.
The iguana bites you!
You die...

.#.# .. #. .. #
#.###.# # #......
# #...... #
#...... # #......
# #.....l########
# #.....#h.......
# .....#.#######
######### #...##.#
#.......# #...##.#
#.......# #...##.#
#.......###...##.#
.........#.......#
#...####.#....####
#...####.#....#


You could see an iguana.

Vanquished Creatures
  Jessica (D:2)
  An adder (D:2)
  A worm (D:2)
  7 ball pythons
  An endoplasm (D:2)
  2 hobgoblins (D:1)
  4 jackals (D:1)
  2 quokkas
  4 bats (D:1)
  3 frilled lizards
  6 goblins
  6 kobolds
  6 rats
44 creatures vanquished.

Notes
Turn   | Place    | Note
-------+----------+-------------------------------------------
     0 | D:1      | gruber the Merfolk Shapeshifter began the quest for the
                  | Orb.
     0 | D:1      | Reached XP level 1. HP: 16/16 MP: 1/1
   107 | D:1      | Reached XP level 2. HP: 22/22 MP: 2/2
   237 | D:1      | Found a faded altar of an unknown god.
   401 | D:1      | Reached XP level 3. HP: 27/27 MP: 3/3
  1284 | D:2      | Noticed Jessica
  1295 | D:2      | Killed Jessica
  1296 | D:2      | Reached XP level 4. HP: 32/33 MP: 4/4
  1836 | D:3      | Slain by an iguana

Illustrated notes

Levels and vault maps discovered:
D:1:      minmay_arrival_jagged, layout_loops_ring,
          shapermc_ecumenical_altar_starsandcircs, serial_bayou_ford_a
D:2:      layout_loops_corners, uniq_jessica
D:3:      layout_basic, lemuel_crystal_altar

Skill      XL: |  1  2  3 |
---------------+----------+-----
Unarmed Combat | 3 4 |  4.2
Fighting       | |  2.1
Dodging        | |  2.6
Shapeshifting  | |  4.8

Action                     |  1- 3 |  4- 6 || total
---------------------------+-------+-------++-------
  Melee: Unarmed           |    61 |       ||    61
         Punch             |     1 |     3 ||     4
         Short sword       |     6 |    22 ||    28
   Stab: Sleeping          |     2 |       ||     2
 Armour: Animal skin       |    12 |     2 ||    14
  Dodge: Dodged            |    39 |     8 ||    47

Table legend: (Time is in decaauts)
 A = Elapsed time spent in this place.
 B = Non-inter-level travel time spent in this place.
 C = Inter-level travel time spent in this place.
 D = Time resting spent in this place.
 E = Time spent auto-exploring this place.
 F = Levels seen in this place.
 G = Mean time per level.
                   A        B        C        D        E       F      G
               +--------+--------+--------+--------+--------+-----+--------+
         Total |   1820 |   1702 |    118 |      0 |   1466 |   3 |  606.7 |
       Dungeon |   1820 |   1702 |    118 |      0 |   1466 |   3 |  606.7 |
               +--------+--------+--------+--------+--------+-----+--------+

Top non-repeatable levels by time:
     D:2: 920 daAuts
     D:1: 764 daAuts
     D:3: 135 daAuts
